3AA
WESTWOOD SIXSHOOTERS @ ATLANTIC CITY SONICS
07/18/2022
 
TOP OF THE 1ST
Westwood Sixshooters batting - Pitching for Atlantic City Sonics : RHP R.J. Anderson
Pitching: RHP R.J. Anderson
Batting: RHB Manuel Becerra 0-0: Called Strike
0-1: Ball
1-1: Ball
2-1: Fly out, F7 (Line Drive, 78S)
Batting: RHB Jorge Morales 0-0: Called Strike
0-1: Swinging Strike
0-2: Ball
1-2: Ball
2-2: Fly out, F3 (Popup, 34S)
Batting: LHB Luis Medina 0-0: Fly out, F6 (Line Drive, 6)
Top of the 1st over - 0 run(s), 0 hit(s), 0 error(s), 0 left on base; Westwood 0 - Atlantic City 0
BOTTOM OF THE 1ST
Atlantic City Sonics batting - Pitching for Westwood Sixshooters : RHP Joe Dow
Pitching: RHP Joe Dow
Batting: LHB Mark Evans 0-0: Called Strike
0-1: Ground out 4-3 (Groundball, 4)
Batting: LHB Kip Burks 0-0: Called Strike
0-1: Called Strike
0-2: Foul Ball, location: 2F
0-2: Strikes out swinging
Batting: LHB Francisco Ortega 0-0: Foul Ball, location: 2F
0-1: SINGLE (Line Drive, 9LS)
Batting: RHB Martín Álvarez 0-0: Swinging Strike
0-1: Ball
Francisco Ortega steals 2nd base
1-1: Called Strike
1-2: Strikes out swinging
Bottom of the 1st over - 0 run(s), 1 hit(s), 0 error(s), 1 left on base; Westwood 0 - Atlantic City 0
TOP OF THE 2ND
Westwood Sixshooters batting - Pitching for Atlantic City Sonics : RHP R.J. Anderson
Batting: RHB Iván Vega 0-0: Fly out, F7 (Flyball, 7M)
Batting: LHB Javier Sánchez 0-0: Ball
1-0: Foul Ball, location: 2F
1-1: Swinging Strike
1-2: Ball
2-2: Foul Ball, location: 2F
2-2: DOUBLE (Flyball, 78XD)
Batting: RHB Wes Shannon 0-0: Ball
1-0: Swinging Strike
1-1: Ground out 5-3 (Groundball, 56)
Batting: LHB José Martínez 0-0: Ground out U3 (Groundball, 3)
Top of the 2nd over - 0 run(s), 1 hit(s), 0 error(s), 1 left on base; Westwood 0 - Atlantic City 0
BOTTOM OF THE 2ND
Atlantic City Sonics batting - Pitching for Westwood Sixshooters : RHP Joe Dow
Batting: LHB Pedro López 0-0: Ball
1-0: Called Strike
1-1: Ball
2-1: Fly out, F7 (Flyball, 7M)
Batting: RHB Ralph Turner 0-0: Called Strike
0-1: Swinging Strike
0-2: Ball
1-2: Strikes out swinging
Batting: SHB David Snyder 0-0: Swinging Strike
0-1: Ball
1-1: Fly out, F8 (Flyball, 78S)
Bottom of the 2nd over - 0 run(s), 0 hit(s), 0 error(s), 0 left on base; Westwood 0 - Atlantic City 0
TOP OF THE 3RD
Westwood Sixshooters batting - Pitching for Atlantic City Sonics : RHP R.J. Anderson
Batting: RHB Richard Hicks 0-0: Ball
1-0: Called Strike
1-1: SINGLE (Line Drive, 9S)
Batting: RHB Sergio Martínez 0-0: Called Strike
0-1: Called Strike
0-2: Fielders Choice at 2nd, 4-6 (Groundball, 4)
Batting: RHB Manuel Becerra 0-0: Ball
1-0: Ball
2-0: Ball
3-0: Called Strike
3-1: Hit by Pitch
Sergio Martínez to second
Batting: RHB Jorge Morales 0-0: Called Strike
0-1: Ball
1-1: Called Strike
1-2: Fly out, F3 (Popup, 3SF)
Batting: LHB Luis Medina 0-0: SINGLE (Line Drive, 8RS)
Sergio Martínez to third
Manuel Becerra to second
Runner from 3rd tries for Home, SAFE, no throw or cutoff
Batting: RHB Iván Vega 0-0: 3-RUN HOME RUN (Flyball, 7D), Distance : 392 ft
Batting: LHB Javier Sánchez 0-0: Called Strike
0-1: Fly out, F8 (Flyball, 8RXD)
Top of the 3rd over - 4 run(s), 3 hit(s), 0 error(s), 0 left on base; Westwood 4 - Atlantic City 0
BOTTOM OF THE 3RD
Atlantic City Sonics batting - Pitching for Westwood Sixshooters : RHP Joe Dow
Batting: LHB Dale Parkinson 0-0: Called Strike
0-1: Swinging Strike
0-2: Ball
1-2: Foul Ball, location: 2F
1-2: SINGLE (Line Drive, 9S)
Batting: RHB Chris Henderson 0-0: Foul Ball, location: 2F
0-1: Foul Ball, location: 2F
0-2: Ball
1-2: Ball
2-2: Fly out, F8 (Flyball, 8RM)
Batting: RHB Marty Hayden 0-0: Ball
Wild Pitch!
Dale Parkinson to second
1-0: Ball
2-0: Called Strike
2-1: Called Strike
2-2: Strikes out looking
Batting: LHB Kip Burks 0-0: Called Strike
0-1: Swinging Strike
0-2: Strikes out swinging
Bottom of the 3rd over - 0 run(s), 1 hit(s), 0 error(s), 1 left on base; Westwood 4 - Atlantic City 0
TOP OF THE 4TH
Westwood Sixshooters batting - Pitching for Atlantic City Sonics : RHP R.J. Anderson
Now in CF: Marty Hayden
Batting: RHB Wes Shannon 0-0: Ball
1-0: Ball
2-0: Ground out 4-3 (Groundball, 4)
Batting: LHB José Martínez 0-0: Called Strike
0-1: Ball
1-1: Called Strike
1-2: Ground out U3 (Groundball, 3S)
Batting: RHB Richard Hicks 0-0: Called Strike
0-1: Foul Ball, location: 2F
0-2: Ball
1-2: Strikes out looking
Top of the 4th over - 0 run(s), 0 hit(s), 0 error(s), 0 left on base; Westwood 4 - Atlantic City 0
BOTTOM OF THE 4TH
Atlantic City Sonics batting - Pitching for Westwood Sixshooters : RHP Joe Dow
Batting: LHB Francisco Ortega 0-0: Ball
1-0: Called Strike
1-1: Ball
2-1: Foul Ball, location: 2F
2-2: Fly out, F7 (Flyball, 7M)
Batting: RHB Martín Álvarez 0-0: Foul Ball, location: 2F
0-1: Foul Ball, location: 2F
0-2: Ball
1-2: Strikes out swinging
Batting: LHB Pedro López 0-0: SINGLE (Line Drive, 6D)
Batting: RHB Ralph Turner 0-0: Called Strike
0-1: Ball
1-1: Ball
2-1: Foul Ball, location: 2F
2-2: Fly out, F8 (Flyball, 8LXD)
Bottom of the 4th over - 0 run(s), 1 hit(s), 0 error(s), 1 left on base; Westwood 4 - Atlantic City 0
TOP OF THE 5TH
Westwood Sixshooters batting - Pitching for Atlantic City Sonics : RHP R.J. Anderson
Batting: RHB Sergio Martínez 0-0: Foul Ball, location: 2F
0-1: Called Strike
0-2: SINGLE (Groundball, 34)
Batting: RHB Manuel Becerra 0-0: Bunted foul
0-1: Bunt missed!
0-2: Ball
1-2: Ball
2-2: Foul Ball, location: 2F
2-2: Foul Ball, location: 2F
2-2: Ball
Sergio Martínez is caught stealing 2nd base
3-2: Base on Balls
Batting: RHB Jorge Morales 0-0: Fly out, F4 (Popup, 4MD)
Batting: LHB Luis Medina 0-0: Ball
1-0: Ball
2-0: Ball
3-0: Called Strike
3-1: Ground out 1-3 (Groundball, 13S)
Top of the 5th over - 0 run(s), 1 hit(s), 0 error(s), 1 left on base; Westwood 4 - Atlantic City 0
BOTTOM OF THE 5TH
Atlantic City Sonics batting - Pitching for Westwood Sixshooters : RHP Joe Dow
Batting: SHB David Snyder 0-0: Ball
1-0: Ball
2-0: Ball
3-0: Called Strike
3-1: Fly out, F7 (Line Drive, 7LM)
Batting: LHB Dale Parkinson 0-0: Ball
1-0: Foul Ball, location: 2F
1-1: Ground out 6-3 (Groundball, 6M)
Batting: RHB Chris Henderson 0-0: Ball
1-0: Swinging Strike
1-1: Called Strike
1-2: Ball
2-2: Foul Ball, location: 2F
2-2: Fly out, F8 (Flyball, 8RM)
Bottom of the 5th over - 0 run(s), 0 hit(s), 0 error(s), 0 left on base; Westwood 4 - Atlantic City 0
TOP OF THE 6TH
Westwood Sixshooters batting - Pitching for Atlantic City Sonics : RHP R.J. Anderson
Batting: RHB Iván Vega 0-0: Fly out, F7 (Flyball, 7M)
Batting: LHB Javier Sánchez 0-0: Ball
1-0: Foul Ball, location: 2F
1-1: Ball
2-1: Ball
3-1: Swinging Strike
3-2: Foul Ball, location: 2F
3-2: Foul Ball, location: 2F
3-2: Ground out 4-3 (Groundball, 4)
Batting: RHB Wes Shannon 0-0: Fly out, F8 (Flyball, 8LM)
Top of the 6th over - 0 run(s), 0 hit(s), 0 error(s), 0 left on base; Westwood 4 - Atlantic City 0
BOTTOM OF THE 6TH
Atlantic City Sonics batting - Pitching for Westwood Sixshooters : RHP Joe Dow
Batting: RHB Marty Hayden 0-0: Foul Ball, location: 2F
0-1: Called Strike
0-2: Ball
1-2: Fly out, F8 (Line Drive, 8RM)
Batting: LHB Kip Burks 0-0: Ball
1-0: Ball
2-0: Ball
3-0: Base on Balls
Batting: LHB Francisco Ortega 0-0: Ball
1-0: Ball
2-0: Called Strike
2-1: Fly out, F8 (Flyball, 78M)
Batting: RHB Martín Álvarez 0-0: SINGLE (Groundball, 4M)
Kip Burks to second
Runner from 2nd tries for 3rd, SAFE, throw made to third
Batting: LHB Pedro López 0-0: Ball
1-0: Ball
2-0: Ball
3-0: Called Strike
3-1: Base on Balls
Martín Álvarez to second
Batting: RHB Ralph Turner 0-0: Foul Ball, location: 2F
0-1: Swinging Strike
0-2: Ball
1-2: Ball
2-2: Strikes out swinging
Bottom of the 6th over - 0 run(s), 1 hit(s), 0 error(s), 3 left on base; Westwood 4 - Atlantic City 0
TOP OF THE 7TH
Westwood Sixshooters batting - Pitching for Atlantic City Sonics : RHP R.J. Anderson
Batting: LHB José Martínez 0-0: Called Strike
0-1: Ball
1-1: Ground out 1-3 (Groundball, 13)
Batting: RHB Richard Hicks 0-0: Called Strike
0-1: SINGLE (Groundball, 6MD)
Batting: RHB Sergio Martínez 0-0: Ball
1-0: Called Strike
1-1: Ball
2-1: Called Strike
2-2: Strikes out swinging
Batting: RHB Manuel Becerra 0-0: Ball
1-0: Ball
2-0: Foul Ball, location: 2F
2-1: Fly out, F8 (Line Drive, 8LM)
Top of the 7th over - 0 run(s), 1 hit(s), 0 error(s), 1 left on base; Westwood 4 - Atlantic City 0
BOTTOM OF THE 7TH
Atlantic City Sonics batting - Pitching for Westwood Sixshooters : RHP Joe Dow
Batting: SHB David Snyder 0-0: Called Strike
0-1: Fly out, F7 (Flyball, 78S)
Batting: LHB Dale Parkinson 0-0: Ball
1-0: Ball
2-0: Called Strike
2-1: Ball
3-1: Base on Balls
Pitching: RHP Paul Abbott
Batting: RHB Chris Henderson 0-0: Ball
Wild Pitch!
Dale Parkinson to second
1-0: Foul Ball, location: 2F
1-1: Called Strike
1-2: Ball
2-2: Ball
3-2: Foul Ball, location: 2F
3-2: SINGLE (Groundball, 6M)
Dale Parkinson to third
Runner from 3rd tries for Home, SAFE, no throw or cutoff
Batting: RHB Marty Hayden 0-0: Ball
1-0: Swinging Strike
1-1: Swinging Strike
1-2: Ball
2-2: Ball
3-2: Strikes out looking
Batting: LHB Kip Burks 0-0: Called Strike
Chris Henderson is caught stealing 2nd base
Bottom of the 7th over - 1 run(s), 1 hit(s), 0 error(s), 0 left on base; Westwood 4 - Atlantic City 1
TOP OF THE 8TH
Westwood Sixshooters batting - Pitching for Atlantic City Sonics : RHP R.J. Anderson
Batting: RHB Jorge Morales 0-0: Ball
1-0: Swinging Strike
1-1: Swinging Strike
1-2: Ground out 4-3 (Groundball, 4M)
Batting: LHB Luis Medina 0-0: Ball
1-0: Ball
2-0: Called Strike
2-1: Swinging Strike
2-2: Strikes out swinging
Batting: RHB Iván Vega 0-0: Foul Ball, location: 2F
0-1: Swinging Strike
0-2: Fly out, F7 (Flyball, 7M)
Top of the 8th over - 0 run(s), 0 hit(s), 0 error(s), 0 left on base; Westwood 4 - Atlantic City 1
BOTTOM OF THE 8TH
Atlantic City Sonics batting - Pitching for Westwood Sixshooters : RHP Paul Abbott
Now at 2B: Bob Howells
Now in LF: Brian Boone
Batting: LHB Kip Burks 0-0: Ball
1-0: Foul Ball, location: 2F
1-1: Fly out, F8 (Flyball, 8LS)
Batting: LHB Francisco Ortega 0-0: Ball
1-0: Foul Ball, location: 2F
1-1: SINGLE (Line Drive, 4M)
Batting: RHB Martín Álvarez 0-0: Ball
1-0: Called Strike
1-1: Foul Ball, location: 2F
1-2: SINGLE (Line Drive, 6M)
Francisco Ortega to second
Pitching: LHP Don Bender
Batting: LHB Pedro López 0-0: Ball
1-0: Swinging Strike
1-1: Called Strike
1-2: Ball
2-2: Strikes out swinging
Batting: RHB Ralph Turner 0-0: Fly out, F3 (Popup, 3DF)
Bottom of the 8th over - 0 run(s), 2 hit(s), 0 error(s), 2 left on base; Westwood 4 - Atlantic City 1
TOP OF THE 9TH
Westwood Sixshooters batting - Pitching for Atlantic City Sonics : RHP R.J. Anderson
Batting: LHB Javier Sánchez 0-0: Ball
1-0: Called Strike
1-1: Foul Ball, location: 2F
1-2: Foul Ball, location: 2F
1-2: Ball
2-2: Ball
3-2: Strikes out swinging
Batting: RHB Wes Shannon 0-0: Called Strike
0-1: Swinging Strike
0-2: Ball
1-2: SINGLE (Flyball, 8LM)
Pitching: LHP Miguel Canó
Batting: LHB José Martínez 0-0: Ball
1-0: Foul Ball, location: 2F
1-1: Called Strike
1-2: Ball
2-2: Strikes out swinging
Batting: RHB Richard Hicks 0-0: Fly out, F8 (Flyball, 8LM)
Top of the 9th over - 0 run(s), 1 hit(s), 0 error(s), 1 left on base; Westwood 4 - Atlantic City 1
BOTTOM OF THE 9TH
Atlantic City Sonics batting - Pitching for Westwood Sixshooters : LHP Don Bender
Pitching: RHP Cisco Ortega
Now at 1B: Don Thomas
Batting: SHB David Snyder 0-0: Fly out, F4 (Popup, 34D)
Batting: LHB Dale Parkinson 0-0: Ball
1-0: Called Strike
1-1: Ball
2-1: Ball
3-1: Base on Balls
Batting: RHB Chris Henderson 0-0: Called Strike
0-1: Ball
1-1: Called Strike
1-2: Fly out, F9 (Flyball, 9LS)
Batting: RHB Marty Hayden 0-0: Foul Ball, location: 2F
0-1: Called Strike
0-2: Strikes out swinging
Bottom of the 9th over - 0 run(s), 0 hit(s), 0 error(s), 1 left on base; Westwood 4 - Atlantic City 1
This league is powered by Out of the Park Baseball, the baseball management simulation game for PC, Mac and Linux
Friday, April 15th, 2016 - OOTP Baseball 16.9 Build 39